TOP OF THE 1ST |
Elizabethton Twins batting - Pitching for Greeneville Astros : LHP Guadalupe Gonzalez
|
Pitching: LHP Guadalupe Gonzalez
|
|
Batting: RHB David McDonald
|
0-0: Ball 1-0: Ball 2-0: Ball 3-0: Base on Balls
|
Batting: RHB Nestor Moreno
|
0-0: Called Strike 0-1: Ball 1-1: Ball 2-1: Grounds into double play, 5-4-3 (Groundball, 5L, EV 103.8 MPH)
|
Batting: RHB Ryan Starks
|
0-0: Foul Ball, location: 2F 0-1: Foul Ball, location: 2F 0-2: SOLO HOME RUN (Flyball, 78XD, EV 107.5 MPH), Distance : 407 ft
|
Batting: RHB Ned Scovell
|
0-0: Ball 1-0: Ball 2-0: Ball 3-0: Base on Balls
|
Batting: RHB Hisao Takei
|
0-0: Swinging Strike 0-1: Ball 1-1: Foul Ball, location: 2F 1-2: Foul Ball, location: 2F 1-2: Ground out 2-3 (Groundball, 15S, EV 69.4 MPH)
|
Top of the 1st over - 1 run, 1 hit, 0 errors, 1 left on base; Elizabethton 1 - Greeneville 0 |
BOTTOM OF THE 1ST |
Greeneville Astros batting - Pitching for Elizabethton Twins : RHP Kanenori Ikeda Jr.
|
Pitching: RHP Kanenori Ikeda Jr.
|
|
Batting: LHB Bert Middleton
|
0-0: Ball 1-0: Ball 2-0: Ball 3-0: Base on Balls
|
Batting: LHB Ryan Fridley
|
0-0: Ball 1-0: Foul Ball, location: 2F 1-1: Foul Ball, location: 2F 1-2: SINGLE (Groundball, 15S, EV 70.6 MPH) (infield hit) Bert Middleton to second
|
Batting: SHB Steve Ramsey
|
0-0: Called Strike 0-1: Hit by Pitch Bert Middleton to third Ryan Fridley to second
|
Batting: SHB Rory Mozer
|
0-0: Called Strike 0-1: Swinging Strike 0-2: Strikes out swinging
|
Batting: RHB Roberto Rios
|
0-0: Ball 1-0: Called Strike 1-1: Called Strike 1-2: Foul Ball, location: 2F 1-2: Foul Ball, location: 2F 1-2: Strikes out swinging
|
Batting: RHB Jamie Walker
|
0-0: Swinging Strike 0-1: Foul Ball, location: 2F 0-2: SINGLE (Groundball, 13, EV 85.6 MPH) (infield hit) Bert Middleton scores Ryan Fridley to third Steve Ramsey to second
|
Batting: RHB Tim Williams
|
0-0: Hit by Pitch Ryan Fridley scores Steve Ramsey to third Jamie Walker to second
|
Batting: RHB Mike Brisbin
|
0-0: Ball 1-0: Called Strike 1-1: Foul Ball, location: 2F 1-2: Strikes out swinging
|
Bottom of the 1st over - 2 runs, 2 hits, 0 errors, 3 left on base; Elizabethton 1 - Greeneville 2 |
TOP OF THE 2ND |
Elizabethton Twins batting - Pitching for Greeneville Astros : LHP Guadalupe Gonzalez
|
Batting: RHB Sergio Gomez
|
0-0: Foul Ball, location: 2F 0-1: Ball 1-1: Foul Ball, location: 2F 1-2: Ball 2-2: Ball 3-2: Strikes out swinging
|
Batting: RHB Calvin Day
|
0-0: Ball 1-0: Ball 2-0: Foul Ball, location: 2F 2-1: Swinging Strike 2-2: Foul Ball, location: 2F 2-2: Strikes out swinging
|
Batting: LHB Joey Zamora
|
0-0: Called Strike 0-1: Swinging Strike 0-2: Foul Ball, location: 2F 0-2: Strikes out swinging
|
Top of the 2nd over - 0 runs, 0 hits, 0 errors, 0 left on base; Elizabethton 1 - Greeneville 2 |
BOTTOM OF THE 2ND |
Greeneville Astros batting - Pitching for Elizabethton Twins : RHP Kanenori Ikeda Jr.
|
Batting: RHB Kenny Beall
|
0-0: Ball 1-0: Fly out, F7 (Flyball, 7D, EV 85.6 MPH)
|
Batting: LHB Bert Middleton
|
0-0: Foul Ball, location: 2F 0-1: Fly out, F8 (Flyball, 78D, EV 93.1 MPH)
|
Batting: LHB Ryan Fridley
|
0-0: Ball 1-0: Foul Ball, location: 2F 1-1: Ball 2-1: Ball 3-1: Foul Ball, location: 2F 3-2: Strikes out swinging, 2-3 out at first.
|
Bottom of the 2nd over - 0 runs, 0 hits, 0 errors, 0 left on base; Elizabethton 1 - Greeneville 2 |
TOP OF THE 3RD |
Elizabethton Twins batting - Pitching for Greeneville Astros : LHP Guadalupe Gonzalez
|
Batting: RHB Braydon Garland
|
0-0: Ball 1-0: Foul Ball, location: 2F 1-1: Foul Ball, location: 2F 1-2: Ball 2-2: Strikes out swinging
|
Batting: RHB David McDonald
|
0-0: Ball 1-0: Fly out, F6 (Line Drive, 56, EV 74.4 MPH)
|
Batting: RHB Nestor Moreno
|
0-0: Called Strike 0-1: SOLO HOME RUN (Flyball, 7LD, EV 91.2 MPH), Distance : 350 ft
|
Batting: RHB Ryan Starks
|
0-0: Ball 1-0: Foul Ball, location: 2F 1-1: Ground out 6-3 (Groundball, 6, EV 80.6 MPH)
|
Top of the 3rd over - 1 run, 1 hit, 0 errors, 0 left on base; Elizabethton 2 - Greeneville 2 |
BOTTOM OF THE 3RD |
Greeneville Astros batting - Pitching for Elizabethton Twins : RHP Kanenori Ikeda Jr.
|
Batting: SHB Steve Ramsey
|
0-0: Ball 1-0: Ball 2-0: Ground out 2-3 (Groundball, 2R, EV 71.2 MPH)
|
Batting: SHB Rory Mozer
|
0-0: Ground out 4-3 (Groundball, 4, EV 85.0 MPH)
|
Batting: RHB Roberto Rios
|
0-0: Ball 1-0: Fly out, F8 (Flyball, 8LD, EV 93.8 MPH)
|
Bottom of the 3rd over - 0 runs, 0 hits, 0 errors, 0 left on base; Elizabethton 2 - Greeneville 2 |
TOP OF THE 4TH |
Elizabethton Twins batting - Pitching for Greeneville Astros : LHP Guadalupe Gonzalez
|
Batting: RHB Ned Scovell
|
0-0: Ball 1-0: Foul Ball, location: 2F 1-1: Ground out 5-3 (Groundball, 56, EV 87.5 MPH)
|
Batting: RHB Hisao Takei
|
0-0: DOUBLE (Line Drive, 3D, EV 94.4 MPH)
|
Batting: RHB Sergio Gomez
|
0-0: Called Strike 0-1: Swinging Strike 0-2: Strikes out swinging
|
Batting: RHB Calvin Day
|
0-0: Called Strike 0-1: Foul Ball, location: 2F 0-2: Strikes out swinging
|
Top of the 4th over - 0 runs, 1 hit, 0 errors, 1 left on base; Elizabethton 2 - Greeneville 2 |
BOTTOM OF THE 4TH |
Greeneville Astros batting - Pitching for Elizabethton Twins : RHP Kanenori Ikeda Jr.
|
Batting: RHB Jamie Walker
|
0-0: Foul Ball, location: 2F 0-1: Ball 1-1: Foul Ball, location: 2F 1-2: Fly out, F9 (Flyball, 9, EV 91.9 MPH)
|
Batting: RHB Tim Williams
|
0-0: Called Strike 0-1: Ball 1-1: Swinging Strike 1-2: Strikes out swinging
|
Batting: RHB Mike Brisbin
|
0-0: Foul Ball, location: 2F 0-1: Foul Ball, location: 2F 0-2: Foul Ball, location: 2F 0-2: Strikes out swinging
|
Bottom of the 4th over - 0 runs, 0 hits, 0 errors, 0 left on base; Elizabethton 2 - Greeneville 2 |
TOP OF THE 5TH |
Elizabethton Twins batting - Pitching for Greeneville Astros : LHP Guadalupe Gonzalez
|
Batting: LHB Joey Zamora
|
0-0: Called Strike 0-1: Foul Ball, location: 2F 0-2: SINGLE (Line Drive, 7LS, EV 88.8 MPH)
|
Batting: RHB Braydon Garland
|
0-0: Ball 1-0: Ball 2-0: Swinging Strike 2-1: Foul Ball, location: 2F 2-2: Foul Ball, location: 2F 2-2: DOUBLE (Line Drive, 89M, EV 89.4 MPH) Joey Zamora to third
|
Batting: RHB David McDonald
|
0-0: Foul Ball, location: 2F 0-1: SINGLE (Flyball, 5D, EV 90.0 MPH) Joey Zamora scores Braydon Garland to third
|
Batting: RHB Nestor Moreno
|
0-0: Ball 1-0: Called Strike David McDonald is caught stealing 2nd base 2-4 1-1: Foul Ball, location: 2F 1-2: Ground out 4-3 (Groundball, 4, EV 85.6 MPH) Braydon Garland scores
|
Batting: RHB Ryan Starks
|
0-0: Called Strike 0-1: Foul Ball, location: 2F 0-2: Ball 1-2: Ground out 4-3 (Groundball, 4, EV 85.6 MPH)
|
Top of the 5th over - 2 runs, 3 hits, 0 errors, 0 left on base; Elizabethton 4 - Greeneville 2 |
BOTTOM OF THE 5TH |
Greeneville Astros batting - Pitching for Elizabethton Twins : RHP Kanenori Ikeda Jr.
|
Batting: RHB Kenny Beall
|
0-0: Ball 1-0: Foul Ball, location: 2F 1-1: Ball 2-1: Ball 3-1: Base on Balls
|
Batting: LHB Bert Middleton
|
0-0: Grounds into double play, 6-4-3 (Groundball, 6MS, EV 88.1 MPH)
|
Batting: LHB Ryan Fridley
|
0-0: Called Strike 0-1: Foul Ball, location: 2F 0-2: Ball 1-2: Strikes out swinging
|
Bottom of the 5th over - 0 runs, 0 hits, 0 errors, 0 left on base; Elizabethton 4 - Greeneville 2 |
TOP OF THE 6TH |
Elizabethton Twins batting - Pitching for Greeneville Astros : LHP Guadalupe Gonzalez
|
Pitching: RHP Vinny Salazar
|
|
Batting: RHB Ned Scovell
|
0-0: Ball 1-0: Foul Ball, location: 2F 1-1: Ground out 4-3 (Groundball, 4, EV 103.1 MPH)
|
Batting: RHB Hisao Takei
|
0-0: Ball 1-0: Ball 2-0: Foul Ball, location: 2F 2-1: Fly out, F9 (Line Drive, 9LM, EV 88.8 MPH)
|
Batting: RHB Sergio Gomez
|
0-0: Called Strike 0-1: Reached on error, E1 (Groundball, 15S, EV 70.6 MPH)
|
Batting: RHB Calvin Day
|
0-0: Swinging Strike 0-1: Swinging Strike 0-2: Strikes out swinging
|
Top of the 6th over - 0 runs, 0 hits, 1 error, 1 left on base; Elizabethton 4 - Greeneville 2 |
BOTTOM OF THE 6TH |
Greeneville Astros batting - Pitching for Elizabethton Twins : RHP Kanenori Ikeda Jr.
|
Batting: SHB Steve Ramsey
|
0-0: Called Strike 0-1: Foul Ball, location: 2F 0-2: Strikes out swinging
|
Batting: SHB Rory Mozer
|
0-0: Called Strike 0-1: Ball 1-1: Foul Ball, location: 2F 1-2: Foul Ball, location: 2F 1-2: Foul Ball, location: 2F 1-2: Foul Ball, location: 2F 1-2: Foul Ball, location: 2F 1-2: Ball 2-2: Foul Ball, location: 2F 2-2: Ball 3-2: Strikes out swinging
|
Batting: RHB Roberto Rios
|
0-0: Ball 1-0: Ball 2-0: Ball 3-0: Base on Balls
|
Batting: RHB Jamie Walker
|
0-0: Foul Ball, location: 2F 0-1: DOUBLE (Line Drive, 7LM, EV 88.1 MPH) Roberto Rios to third Runner from 3rd tries for Home, SAFE, throw by LF to trailing runner, OUT at third! 7-3-5
|
Bottom of the 6th over - 1 run, 1 hit, 0 errors, 0 left on base; Elizabethton 4 - Greeneville 3 |
TOP OF THE 7TH |
Elizabethton Twins batting - Pitching for Greeneville Astros : RHP Vinny Salazar
|
Batting: LHB Joey Zamora
|
0-0: Called Strike 0-1: Foul Ball, location: 2F 0-2: SINGLE (Groundball, 4D, EV 98.8 MPH)
|
Batting: RHB Braydon Garland
|
0-0: Called Strike 0-1: Called Strike 0-2: Ball 1-2: Strikes out swinging
|
Pitching: RHP Tim Evans
|
|
Batting: RHB David McDonald
|
0-0: Foul Ball, location: 2F 0-1: Foul Ball, location: 2F 0-2: Hit by Pitch Joey Zamora to second
|
Batting: RHB Nestor Moreno
|
0-0: SINGLE (Line Drive, 6D, EV 98.1 MPH) Joey Zamora to third David McDonald to second
|
Batting: RHB Ryan Starks
|
0-0: Ball 1-0: Ball 2-0: Ball 3-0: Called Strike 3-1: Base on Balls Joey Zamora scores David McDonald to third Nestor Moreno to second
|
Batting: RHB Ned Scovell
|
0-0: Foul Ball, location: 2F 0-1: Called Strike 0-2: Ball 1-2: Reached on error, E6 (Groundball, 6, EV 92.5 MPH) David McDonald scores Nestor Moreno to third Ryan Starks to second
|
Batting: RHB Hisao Takei
|
0-0: Swinging Strike 0-1: Foul Ball, location: 2F 0-2: Strikes out looking
|
Batting: RHB Sergio Gomez
|
0-0: Called Strike 0-1: Foul Ball, location: 2F 0-2: Ball 1-2: Foul Ball, location: 2F 1-2: Ball 2-2: Ball 3-2: Foul Ball, location: 2F 3-2: Base on Balls Nestor Moreno scores Ryan Starks to third Ned Scovell to second
|
Batting: RHB Calvin Day
|
0-0: Foul Ball, location: 2F 0-1: Ball 1-1: Foul Ball, location: 2F 1-2: Ball 2-2: Ball 3-2: Base on Balls Ryan Starks scores Ned Scovell to third Sergio Gomez to second
|
Batting: LHB Joey Zamora
|
0-0: Ball 1-0: Ground out U3 (Groundball, 34S, EV 75.6 MPH)
|
Top of the 7th over - 4 runs, 2 hits, 1 error, 3 left on base; Elizabethton 8 - Greeneville 3 |
BOTTOM OF THE 7TH |
Greeneville Astros batting - Pitching for Elizabethton Twins : RHP Kanenori Ikeda Jr.
|
Batting: RHB Tim Williams
|
0-0: SINGLE (Groundball, 56D, EV 98.8 MPH)
|
Batting: RHB Mike Brisbin
|
0-0: Ball 1-0: Ball 2-0: SINGLE (Line Drive, 4M, EV 103.8 MPH) Tim Williams to second
|
Batting: RHB Kenny Beall
|
0-0: DOUBLE (Flyball, 8LD, EV 95.0 MPH) Tim Williams scores Mike Brisbin to third
|
Batting: LHB Bert Middleton
|
0-0: Hit by Pitch
|
Batting: LHB Ryan Fridley
|
0-0: Called Strike 0-1: Called Strike 0-2: Foul Ball, location: 2F 0-2: Ball 1-2: Ball 2-2: Strikes out swinging
|
Pitching: RHP Takeru Inoue
|
|
Now at 3B: Antonio Santos
|
|
Batting: SHB Steve Ramsey
|
0-0: Grounds into fielders choice 4-2 (Groundball, 34S, EV 88.8 MPH) Kenny Beall to third Bert Middleton to second
|
Batting: SHB Rory Mozer
|
0-0: Called Strike 0-1: Swinging Strike 0-2: Strikes out swinging
|
Bottom of the 7th over - 1 run, 3 hits, 0 errors, 3 left on base; Elizabethton 8 - Greeneville 4 |
TOP OF THE 8TH |
Elizabethton Twins batting - Pitching for Greeneville Astros : RHP Tim Evans
|
Pitching: RHP Ernie Bell
|
|
Batting: RHB Braydon Garland
|
0-0: Called Strike 0-1: Swinging Strike 0-2: Hit by Pitch
|
Batting: RHB David McDonald
|
0-0: Ball 1-0: Sac Bunt to 15S - play at first, batter safe! Braydon Garland to second
|
Batting: RHB Nestor Moreno
|
0-0: Bunted foul 0-1: Bunt missed! 0-2: Strikes out looking
|
Batting: RHB Ryan Starks
|
0-0: Reached on error, E5 (Groundball, 25, EV 85.0 MPH) Braydon Garland to third David McDonald to second
|
Batting: RHB Ned Scovell
|
0-0: Foul Ball, location: 2F 0-1: Ball 1-1: Ball 2-1: Ball 3-1: Base on Balls Braydon Garland scores David McDonald to third Ryan Starks to second
|
Batting: RHB Hisao Takei
|
0-0: Foul Ball, location: 2F 0-1: Ball 1-1: Ball 2-1: Ball 3-1: SINGLE (Groundball, 6, EV 95.0 MPH) David McDonald scores Ryan Starks to third Ned Scovell to second
|
Batting: RHB Sergio Gomez
|
0-0: Fly out, F8 (Flyball, 78M, EV 91.2 MPH) Runner from 3rd tags up, OUT at HOME! 8-2
|
Top of the 8th over - 2 runs, 2 hits, 1 error, 2 left on base; Elizabethton 10 - Greeneville 4 |
BOTTOM OF THE 8TH |
Greeneville Astros batting - Pitching for Elizabethton Twins : RHP Takeru Inoue
|
Batting: RHB Roberto Rios
|
0-0: Called Strike 0-1: Ball 1-1: Ball 2-1: Swinging Strike 2-2: Strikes out looking
|
Batting: RHB Jamie Walker
|
0-0: Called Strike 0-1: Foul Ball, location: 2F 0-2: Strikes out swinging
|
Batting: RHB Tim Williams
|
0-0: Called Strike 0-1: Ball 1-1: Ball 2-1: Foul Ball, location: 2F 2-2: Foul Ball, location: 2F 2-2: Strikes out swinging
|
Bottom of the 8th over - 0 runs, 0 hits, 0 errors, 0 left on base; Elizabethton 10 - Greeneville 4 |
TOP OF THE 9TH |
Elizabethton Twins batting - Pitching for Greeneville Astros : RHP Ernie Bell
|
Batting: RHB Antonio Santos
|
0-0: Called Strike 0-1: Ball 1-1: Foul Ball, location: 2F 1-2: SINGLE (Flyball, 5D, EV 93.1 MPH)
|
Batting: LHB Joey Zamora
|
0-0: Ball 1-0: Ball 2-0: Ball 3-0: Base on Balls Antonio Santos to second
|
Batting: RHB Braydon Garland
|
0-0: DOUBLE (Groundball, 5L, EV 98.8 MPH) Antonio Santos scores Joey Zamora to third
|
Batting: RHB David McDonald
|
0-0: Called Strike 0-1: Foul Ball, location: 2F 0-2: Fly out, F9 (Flyball, 89S, EV 86.2 MPH)
|
Pinch Hitting: LHB Bill Lorimer
|
0-0: Called Strike 0-1: Foul Ball, location: 2F 0-2: Ball 1-2: Ball 2-2: Foul Ball, location: 2F 2-2: Foul Ball, location: 2F 2-2: SINGLE (Groundball, 4M, EV 94.4 MPH) (infield hit) Joey Zamora scores Braydon Garland to third
|
Pitching: RHP Marc Marchand
|
|
Batting: RHB Ryan Starks
|
0-0: Called Strike 0-1: Ball 1-1: Fielders Choice at 2nd, 6-4 (Groundball, 6, EV 88.8 MPH) Braydon Garland scores
|
Batting: RHB Ned Scovell
|
0-0: Ball 1-0: Called Strike 1-1: Swinging Strike 1-2: Ball 2-2: Ball 3-2: Base on Balls Ryan Starks to second
|
Pinch Hitting: LHB George Roben
|
0-0: Ball 1-0: Swinging Strike 1-1: Ball 2-1: Ground out U3 (Groundball, 3, EV 84.4 MPH)
|
Top of the 9th over - 3 runs, 3 hits, 0 errors, 2 left on base; Elizabethton 13 - Greeneville 4 |
BOTTOM OF THE 9TH |
Greeneville Astros batting - Pitching for Elizabethton Twins : RHP Takeru Inoue
|
Now at C: Tim Wilton
|
|
Now in CF: Bill Lorimer
|
|
Batting: RHB Mike Brisbin
|
0-0: Ground out 6-3 (Groundball, 6, EV 88.1 MPH)
|
Batting: RHB Fernan Tedeschi
|
0-0: Called Strike 0-1: Swinging Strike 0-2: Foul Ball, location: 2F 0-2: Ball 1-2: Strikes out swinging
|
Batting: LHB Bert Middleton
|
0-0: DOUBLE (Groundball, 3L, EV 98.1 MPH)
|
Batting: LHB Ryan Fridley
|
0-0: Ball 1-0: Ball 2-0: Ball 3-0: Base on Balls
|
Batting: SHB Steve Ramsey
|
0-0: Called Strike 0-1: Swinging Strike 0-2: Strikes out swinging
|
Bottom of the 9th over - 0 runs, 1 hit, 0 errors, 2 left on base; Elizabethton 13 - Greeneville 4 |
|